Map: Dusk Towers

Players

ILLBdA - Winner!

  • Race: Protoss Protoss
  • League: Platinum

Utterly

  • Race: Terran Terran
  • League: Diamond

VOD

Have the link to the VOD?

Description

Time

  • Played on: Dec. 14, 2015, 12:25 a.m.
  • Length: 13:37
Show
View Real Time Build Order
Export as new Build Order

ILLBdA Protoss - Winner!

Build Orders: Nexus First, Oracle Opening 

Get SALT Encoding   

  12  0:01  Probe (Chrono Boost)  
  13  0:11  Probe (Chrono Boost)  
  14  0:19  Pylon  
  14  0:23  Probe (Chrono Boost)  
  15  0:37  Probe (Chrono Boost)  
  16  0:48  Probe (Chrono Boost)  
  17  1:01  Nexus  
  17  1:12  Gateway  
  17  1:15  Probe (Chrono Boost), Assimilator  
  18  1:26  Probe (Chrono Boost)  
  18  1:27  Assimilator  
  19  1:36  Probe (Chrono Boost)  
  19  1:37  Pylon  
  21  1:47  Probe (Chrono Boost)  
  21  1:57  Probe (Chrono Boost)  
  21  1:59  Cybernetics Core  
  22  2:03  Zealot  
  22  2:08  Probe (Chrono Boost)  
  25  2:14  Probe (Chrono Boost)  
  26  2:18  Probe (Chrono Boost)  
  27  2:25  Probe (Chrono Boost)  
  29  2:34  Probe (Chrono Boost)  
  29  2:36  Adept (Chrono Boost)  
  32  2:38  Probe  
  32  2:39  Warp Gate  
  31  2:54  Mothership Core  
  32  3:05  Stalker (Chrono Boost), Stargate  
  34  3:09  Probe (Chrono Boost)  
  35  3:13  Pylon  
  35  3:15  Probe (Chrono Boost), Assimilator  
  35  3:19  Assimilator  
  36  3:21  Probe (Chrono Boost)  
  36  3:26  Probe (Chrono Boost)  
  38  3:31  Probe (Chrono Boost)  
  38  3:33  Stalker  
  41  3:36  Probe (Chrono Boost)  
  42  3:41  Probe (Chrono Boost)  
  42  3:47  Oracle (Chrono Boost)  
  46  3:50  Probe  
  46  3:51  Probe  
  48  4:08  Probe  
  48  4:09  Probe  
  49  4:11  Pylon  
  49  4:14  Stargate  
  50  4:19  Stargate  
  50  4:20  Probe  
  50  4:22  Phoenix (Chrono Boost)  
  50  4:23  Probe, Pylon  
  54  4:32  Probe  
  54  4:38  Probe  
  51  4:43  Phoenix (Chrono Boost)  
  51  4:44  Probe  
  55  4:50  Stalker, Robotics Facility  
  57  4:58  Phoenix (Chrono Boost)  
  59  5:02  Gateway  
  59  5:05  Phoenix (Chrono Boost)  
  61  5:20  Phoenix (Chrono Boost)  
  63  5:22  Probe  
  63  5:26  Gateway  
  63  5:27  Phoenix (Chrono Boost)  
  66  5:38  Observer  
  66  5:41  Probe  
  68  5:45  Nexus, Phoenix (Chrono Boost)  
  68  5:47  Pylon  
  70  5:54  Pylon  
  70  5:55  Pylon  
  70  6:00  Pylon  
  70  6:05  Probe x2  
  70  6:08  Phoenix (Chrono Boost)  
  74  6:14  Twilight Council  
  74  6:16  Phoenix (Chrono Boost)  
  74  6:17  Probe  
  77  6:29  Immortal (Chrono Boost)  
  77  6:31  Adept  
  77  6:32  Adept  
  85  6:34  Probe  
  85  6:39  Forge  
  86  6:46  Phoenix  
  86  6:49  Phoenix  
  86  6:51  Resonating Glaives (Chrono Boost)  
  90  7:07  Phoenix  
  90  7:14  Immortal, Phoenix, Probe  
  98  7:16  Probe x2  
  98  7:21  Assimilator  
  101  7:25  Probe, Assimilator  
  101  7:28  Probe x2  
  104  7:30  Void Ray  
  108  7:42  Probe  
  109  7:48  Probe, Pylon, Protoss Ground Armor Level 1  
  109  7:50  Photon Cannon  
  110  7:54  Photon Cannon  
  110  8:02  Templar Archives  
  110  8:03  Void Ray  
  114  8:09  Probe, Void Ray  
  115  8:14  Probe  
  115  8:18  Probe  
  120  8:22  Pylon  
  120  8:24  Probe, Charge (Chrono Boost)  
  120  8:25  Pylon  
  122  8:27  Pylon  
  122  8:32  Pylon  
  122  8:43  Psionic Storm  
  122  8:44  Immortal  
  122  8:46  Void Ray  
  130  8:50  Probe  
  131  9:03  Photon Cannon  
  131  9:04  Pylon  
  131  9:05  High Templar  
  133  9:14  Gateway, High Templar  
  135  9:19  Gateway, Zealot  
  137  9:25  Probe  
  137  9:27  Pylon  
  138  9:35  Probe  
  138  9:37  Probe  
  138  9:38  Pylon  
  140  9:44  High Templar x2  
  144  9:50  Protoss Ground Armor Level 2 (Chrono Boost)  
  144  9:53  Zealot  
  144  9:56  Fleet Beacon  
  144  9:58  Pylon  
  144  9:59  Protoss Air Weapons Level 1 (Chrono Boost)  
  146  10:00  Gateway  
  146  10:13  Gateway  
  146  10:16  Gateway  
  146  10:22  Void Ray  
  146  10:23  Void Ray  
  146  10:25  Probe  
  146  10:26  Zealot  
  146  10:27  Zealot x4  
  162  10:48  Zealot x3  
  138  11:07  High Templar x2  
  138  11:08  High Templar  
  138  11:16  High Templar x2  
  138  11:17  Zealot x3  
  138  11:22  Phoenix x2  
  138  11:25  Probe  
  138  11:33  Probe  
  138  11:37  Nexus  
  138  11:38  Pylon  
  138  11:39  Photon Cannon  
  138  11:40  Assimilator  
  138  11:41  Assimilator  
  138  11:42  Photon Cannon  
  138  11:44  Photon Cannon  
  138  12:07  Void Ray  
  138  12:08  Void Ray  
  138  12:13  Pylon  
  138  12:15  Pylon  
  138  12:23  Archon x2  
  138  12:26  High Templar x2  
  138  12:30  High Templar  
  138  12:31  Archon  
  138  12:38  Zealot x5  
  138  12:42  Probe x3  
  138  12:50  Void Ray  
  138  12:51  Void Ray  
  138  12:52  Archon  
Show
View Real Time Build Order
Export as new Build Order

Utterly Terran 

Build Orders: MMM Bio 

Get SALT Encoding   

  12  0:02  SCV  
  13  0:14  SCV  
  13  0:18  Supply Depot  
  14  0:26  SCV  
  15  0:40  SCV  
  15  0:42  Barracks  
  16  0:48  Refinery  
  16  0:52  Refinery  
  16  0:53  SCV  
  17  1:05  SCV  
  18  1:18  SCV  
  19  1:29  Reaper  
  19  1:30  Supply Depot, Orbital Command  
  20  1:55  SCV  
  20  2:00  Factory  
  21  2:07  SCV  
  22  2:13  Supply Depot  
  22  2:14  Barracks Reactor  
  22  2:19  SCV  
  23  2:31  SCV  
  24  2:42  Command Center  
  24  2:43  SCV  
  25  3:00  Marine x2  
  25  3:01  Factory Tech Lab  
  25  3:03  Starport  
  26  3:09  SCV  
  27  3:18  Supply Depot  
  27  3:19  Cyclone  
  30  3:21  SCV  
  31  3:32  Marine x2  
  33  3:38  Engineering Bay  
  33  3:41  Viking  
  35  3:45  SCV  
  36  3:52  Cyclone  
  36  3:54  Orbital Command  
  39  3:57  SCV  
  40  4:09  SCV  
  39  4:10  Marine x2  
  39  4:16  Viking, Barracks  
  43  4:21  SCV  
  44  4:32  SCV, Barracks  
  44  4:33  SCV  
  46  4:41  Marine x2  
  46  4:43  Missile Turret  
  46  4:44  SCV  
  49  4:47  Missile Turret  
  49  4:54  SCV  
  49  4:56  SCV  
  49  4:57  Starport Reactor  
  49  4:59  Marine x2  
  53  5:06  SCV, Barracks Tech Lab  
  51  5:17  Marine  
  51  5:18  Siege Tank  
  51  5:20  Barracks Tech Lab  
  52  5:22  SCV x2  
  52  5:25  Refinery  
  52  5:26  Refinery, Stimpack  
  52  5:27  Marauder  
  52  5:28  Marine  
  57  5:31  Terran Infantry Weapons Level 1  
  57  5:34  Supply Depot, SCV x2  
  59  5:46  SCV x2, Missile Turret, Marine  
  59  5:47  Combat Shields  
  62  5:55  Medivac x2, Marine  
  67  5:58  SCV  
  67  6:02  Supply Depot  
  68  6:06  Marine x2  
  68  6:10  Supply Depot  
  70  6:23  SCV x2, Marine  
  70  6:24  Marine, Marauder x2  
  78  6:32  Medivac x2  
  82  6:36  SCV  
  82  6:37  SCV  
  84  6:43  Marine x2  
  84  6:44  Command Center  
  86  6:50  Supply Depot  
  86  6:52  Supply Depot  
  86  7:00  Supply Depot  
  86  7:02  Marauder x2  
  86  7:07  Medivac x2  
  80  7:08  Marine  
  78  7:17  Marine  
  78  7:22  Supply Depot, Concussive Shells  
  79  7:23  Marauder  
  79  7:24  Missile Turret  
  79  7:26  Barracks  
  81  7:31  Barracks  
  81  7:35  Marauder, Marine  
  84  7:42  Marine  
  85  7:44  Marauder  
  87  7:53  Supply Depot, Marine  
  87  7:55  Siege Tank  
  87  7:57  Marauder  
  93  8:04  SCV  
  93  8:05  SCV  
  95  8:06  Marauder  
  95  8:09  Terran Infantry Armor Level 1  
  95  8:10  Marine  
  98  8:13  Armory  
  98  8:16  Barracks Reactor, Engineering Bay  
  98  8:17  SCV x2, Barracks Tech Lab  
  98  8:19  Marine  
  101  8:21  Medivac  
  101  8:25  Marine  
  104  8:27  Marauder  
  104  8:28  Orbital Command  
  104  8:32  SCV x2  
  108  8:37  Marine x2  
  108  8:38  Marauder  
  112  8:44  SCV x2  
  112  8:46  Missile Turret  
  112  8:48  Marauder, Missile Turret, Marine  
  115  8:55  Marine x3  
  118  8:56  SCV x2, Marine  
  118  8:59  Supply Depot, Marauder  
  125  9:05  Supply Depot  
  125  9:06  Marauder  
  129  9:10  Marauder  
  129  9:21  Siege Tank, Marauder  
  134  9:24  Terran Infantry Weapons Level 2  
  134  9:25  Marine x2  
  134  9:26  Marine  
  134  9:27  Marauder, Marine  
  142  9:31  Marauder  
  142  9:40  Supply Depot  
  142  9:42  Marine  
  142  9:43  Marine  
  144  9:49  Marauder  
  148  9:53  Marauder  
  148  9:54  Command Center  
  148  9:57  Marine x3  
  148  9:59  Marine  
  151  10:01  Marine  
  151  10:04  Refinery, Terran Infantry Armor Level 2  
  151  10:05  Refinery  
  153  10:10  Marine  
  154  10:19  Marine x4  
  154  10:20  Marauder x2  
  162  10:22  Supply Depot  
  162  10:27  Supply Depot  
  162  10:28  Marauder  
  164  10:37  Marine  
  164  10:38  Missile Turret  
  148  11:00  Marauder, Marine x4  
  148  11:01  Marauder x2  
  108  11:17  Marine  
  108  11:18  Marine x3  
  108  11:22  Marauder x3  
  108  11:43  Marauder  
Tags
 
Add a new tag
Caveats
  • Supply blocks, unpowered buildings, or Contaminate may cause inaccurate times.
  • Supply counts are checked every 10 seconds.